 Dungeon Crawl Stone Soup version 0.22.1-1-ga44c0e5 (webtiles) character file.

1995 Merlin the Conjurer (level 9, 0/71 HPs)
             Began as a White Draconian Fire Elementalist on Sept 21, 2018.
             Was a Believer of Ru.
             Slain by a wraith (3 damage)
             ... on level 7 of the Dungeon.
             The game lasted 00:39:06 (8419 turns).

Merlin the Conjurer (DrFE)                          Turns: 8419, Time: 00:39:07

Health: 0/71       AC:  9    Str: 12    XL:     9   Next: 1%
Magic:  12/26      EV: 13    Int: 18    God:    Ru [**....]
Gold:   229        SH:  0    Dex: 11    Spells: 12/18 levels left

rFire    x . .     SeeInvis .   g - +4 spear of False Hope {venom, rN+}
rCold    . . .     Gourm    .   (no shield)
rNeg     + . .     Faith    .   (armour unavailable)
rPois    .         Spirit   .   (helmet restricted)
rElec    .         Reflect  .   (no cloak)
rCorr    .         Harm     .   i - +1 pair of gloves
MR       .....                  (no boots)
Stlth    ++........             (no amulet)
HPRegen  0.21/turn              o - ring of magical power
MPRegen  0.20/turn              C - ring of flight

@: very slightly contaminated, slowed, drained, very slow
A: breathe frost, unfitting armour, cold resistance 1, cold-blooded, temperature
sensitive, AC +7
a: Breathe Frost, Renounce Religion, Evoke Flight


You were on level 7 of the Dungeon.
You worshipped Ru.
Ru was pleased with you.
You were very hungry.

You visited 2 branches of the dungeon, and saw 8 of its levels.

You collected 229 gold pieces.

Inventory:

Hand Weapons
 f - a +1 dagger of freezing
 g - the +4 spear of False Hope (weapon) {venom, rN+}
   (You found it on level 5 of the Dungeon)

   It poisons the flesh of those it strikes.
   It protects you from negative energy.
 l - a +0 spear
 s - a +1 dagger of protection
 x - a +6 flail of holy wrath
 y - a +1 falchion of holy wrath
Armour
 i - a +1 pair of gloves (worn)
 E - a +0 buckler
Jewellery
 o - a ring of magical power (left hand)
 C - a ring of flight (right hand)
Wands
 r - a wand of scattershot (2)
Scrolls
 e - a scroll of immolation {unknown}
 h - a scroll of remove curse
 k - a scroll of enchant armour
 m - a scroll of blinking {unknown}
 n - 2 scrolls of amnesia
 p - a scroll of fog
 q - 3 scrolls of teleportation
 u - a scroll of random uselessness {unknown}
 w - a scroll of noise {unknown}
Potions
 a - 7 potions of curing
 c - a potion of cancellation
 d - 2 potions of heal wounds
 j - a potion of agility
 t - 2 potions of magic
 v - a potion of brilliance
 z - a potion of might
 A - a potion of resistance {unknown}
 B - a potion of lignification {unknown}
 D - a potion of flight {unknown}
Comestibles
 b - 10 rations


   Skills:
 + Level 4.1(3.9) Fighting
 + Level 4.2(3.9) Dodging
 - Level 1.7(1.5) Stealth
 + Level 2.3(2.1) Shields
 + Level 5.4(5.1) Spellcasting
 * Level 6.0(5.8) Conjurations
 + Level 5.1(4.9) Fire Magic


You had 12 spell levels left.
You knew the following spells:

 Your Spells              Type           Power        Failure   Level  Hunger
a - Flame Tongue          Conj/Fire      ###..        1%          1    None
b - Throw Flame           Conj/Fire      ###...       2%          2    #......
c - Conjure Flame         Conj/Fire      ###.....     4%          3    ##.....

Your spell library contained the following spells:

 Spells                   Type           Power        Failure   Level  Hunger
 Inner Flame              Hex/Fire       ##......     14%         3    ##.....
 Sticky Flame             Conj/Fire      ###.....     14%         4    ####...
 Fireball                 Conj/Fire      ###.......   36%         5    ######.


Dungeon Overview and Level Annotations

Branches:
Dungeon (7/15)             Temple (1/1) D:4

Altars:
Cheibriados
Dithmenos
Fedhas
Gozag
Hepliaklqana
Makhleb
Okawaru
Qazlal
Ru
Sif Muna
Trog
Uskayaw
Vehumet
Wu Jian
Zin

Shops:
D:6 =

Annotations:
D:5 Sigmund


Innate Abilities, Weirdness & Mutations

You can breathe waves of freezing cold.
You can buffet flying creatures when you breathe cold.
Your icy white scales are hard. (AC +7)
You cannot fit into any form of body armour.
Your flesh is cold resistant. (rC+)
You are cold-blooded and may be slowed by cold attacks.
You are sensitive to extremes of temperature. (rF-, rC-)


Message History

The wraith is almost destroyed.
The wraith hits you but does no damage. The wraith hits you!
* * * LOW HITPOINT WARNING * * *
The wraith drains your vigour!
You feel as though you will be slow longer.
You hit the wraith but do no damage.
Your tail-slap misses the wraith.
The wraith is almost destroyed.
The wraith hits you!
* * * LOW HITPOINT WARNING * * *
The wraith drains your vigour!
You feel as though you will be slow longer.
Casting: Flame Tongue (safe; 1% risk of failure)
Confirm with . or Enter, or press ? or * to list all spells.
Aiming: Flame Tongue (safe; 1% risk of failure)
Press: ? - help, Shift-Dir - straight line, f/p - wraith
Aim: a wraith (almost destroyed)
The flame tongue hits the wraith.
The wraith is almost destroyed.
The wraith hits you.
You die...

#####
+.W.#
###@###
#.'.'.#
###.###
#.'.'.#
###.###
#.).'.#
###)###
#.).+
###.#


You could see a wraith.

Vanquished Creatures
  A hungry ghost (D:7)
  Edmund (D:5)
  A phantom (D:7)
  A sky beast (D:5)
  An orc warrior (D:4)
  A black bear (D:7)
  2 centaurs (D:7)
  2 bullfrogs (D:7)
  A scorpion (D:5)
  3 wights (D:7)
  A crimson imp (D:5)
  3 jellies
  4 hounds
  A human zombie (D:7)
  A bullfrog skeleton (D:4)
  A gnoll shaman (D:4)
  A human skeleton (D:7)
  An iguana (D:7)
  Jessica (D:3)
  Natasha (D:4)
  An orc wizard (D:4)
  3 worker ants
  A mummy (D:7)
  A hound skeleton (D:5)
  8 gnolls (D:4)
  A howler monkey skeleton (D:4)
  9 adders
  An ooze (D:5)
  3 worms (D:2)
  2 dart slugs
  6 leopard geckos
  2 orcs (D:4)
  6 giant cockroaches
  11 goblins
  8 hobgoblins
  9 jackals
  4 quokkas
  3 ball pythons
  A ball python skeleton (D:2)
  7 bats
  4 frilled lizards
  3 kobolds
  2 orc zombies (D:7)
  12 rats
137 creatures vanquished.

Vanquished Creatures (others)
  A water moccasin (D:7)
1 creature vanquished.

Grand Total: 138 creatures vanquished

Notes
Turn   | Place    | Note
-------+----------+-------------------------------------------
     0 | D:1      | Merlin the Draconian Fire Elementalist began the quest for
                  | the Orb.
     0 | D:1      | Reached XP level 1. HP: 14/14 MP: 3/3
   273 | D:1      | Reached XP level 2. HP: 19/20 MP: 0/5
   277 | D:1      | Learned a level 2 spell: Throw Flame
  1278 | D:2      | Reached XP level 3. HP: 17/27 MP: 2/6
  1303 | D:2      | Learned a level 3 spell: Conjure Flame
  2242 | D:2      | Reached skill level 2 in Conjurations
  2242 | D:2      | Reached XP level 4. HP: 34/34 MP: 4/7
  2992 | D:3      | Found a stormy altar of Qazlal.
  2994 | D:3      | Noticed an air elemental
  2994 | D:3      | Noticed a water elemental
  2995 | D:3      | Noticed a fire elemental
  2995 | D:3      | Noticed an earth elemental
  3101 | D:3      | Found a sacrificial altar of Ru.
  3142 | D:3      | Reached XP level 5. HP: 38/39 MP: 9/9
  3521 | D:3      | Found a deep blue altar of Sif Muna.
  3552 | D:3      | Noticed Jessica
  3555 | D:3      | Killed Jessica
  3812 | D:4      | Reached skill level 1 in Fighting
  4207 | D:4      | Reached XP level 6. HP: 38/47 MP: 1/10
  4212 | D:4      | Reached skill level 3 in Conjurations
  4581 | D:3      | Became a worshipper of Ru the Awakened
  4647 | D:4      | Noticed an orc warrior
  4647 | D:4      | Noticed Natasha
  5088 | D:4      | Reached skill level 5 in Fire Magic
  5105 | D:4      | Killed an orc warrior
  5105 | D:4      | Your scales start taking on an icy white colour.
  5105 | D:4      | Reached XP level 7. HP: 47/55 MP: 0/12
  5105 | D:4      | Gained mutation: Your flesh is cold resistant. (rC+) [White
                  | Draconian growth]
  5151 | D:4      | Found a staircase to the Ecumenical Temple.
  5404 | Temple   | Entered the Ecumenical Temple
  5557 | D:4      | Killed Natasha
  5702 | D:5      | Entered Level 5 of the Dungeon
  5706 | D:5      | Found a hazy altar of Hepliaklqana.
  5714 | D:5      | Got a slimy spear
  5715 | D:5      | Identified the +4 spear of False Hope {venom, rN+} (You
                  | found it on level 5 of the Dungeon)
  5733 | D:5      | Noticed Edmund
  5770 | D:5      | Killed Edmund
  5770 | D:5      | Reached skill level 4 in Conjurations
  6232 | D:5      | Noticed Sigmund
  6510 | D:5      | Gained mutation: You are sensitive to extremes of
                  | temperature. (rF-, rC-) [Ru sacrifice]
  6510 | D:5      | Reached * piety under Ru
  6510 | D:5      | Reached ** piety under Ru
  6994 | D:6      | Reached XP level 8. HP: 60/62 MP: 14/14
  7089 | D:6      | Found Caergh's Jewellery Emporium.
  7570 | D:6      | Found a bloodstained altar of Trog.
  7583 | D:6      | Learned a level 3 spell: Conjure Flame
  7652 | D:7      | Noticed a hippogriff
  7708 | D:7      | Reached skill level 1 in Shields
  7708 | D:7      | Reached skill level 5 in Spellcasting
  7708 | D:7      | Reached skill level 5 in Conjurations
  7952 | D:7      | Reached skill level 5 in Fire Magic
  8178 | D:7      | Reached skill level 6 in Conjurations
  8383 | D:7      | Reached XP level 9. HP: 71/71 MP: 17/17
  8418 | D:7      | HP: 3/71 [wraith (10)]
  8419 | D:7      | Slain by a wraith

Skill      XL: |  1  2  3  4  5  6  7  8 |
---------------+-------------------------+-----
Dodging        | 2 3 4 |  4.2
Conjurations   | 2 3 4 6 |  6.0
Fire Magic     | 4 4 5 |  5.1
Spellcasting   | 3 4 5 |  5.4
Fighting       | 1 2 4 |  4.1
Shields        | 2 |  2.3
Stealth        | |  1.7

Action                   |  1- 3 |  4- 6 |  7- 9 || total
-------------------------+-------+-------+-------++-------
Melee: Unarmed           |     3 |       |       ||     3
       Club              |    54 |       |       ||    54
       Dagger            |    31 |   154 |    24 ||   209
       Tailslap          |     2 |    25 |    12 ||    39
       Spear             |       |       |   144 ||   144
 Cast: Flame Tongue      |    36 |    56 |    74 ||   166
       Throw Flame       |    18 |    35 |    24 ||    77
       Conjure Flame     |       |     3 |     2 ||     5
Invok: Sacrifice Resista |       |       |     1 ||     1
  Use: Potion            |       |     4 |     1 ||     5
       Scroll            |       |     8 |     5 ||    13
 Stab: Sleeping          |       |       |     7 ||     7
  Eat: Chunk             |     6 |     9 |    11 ||    26
       Ration            |       |     1 |     1 ||     2
Armor: Skin              |    25 |    79 |    67 ||   171
Dodge: Dodged            |    66 |   177 |   110 ||   353
